 Dungeon Sprint DCSS version 0.31-a0-38-g1548c4f2a5 (webtiles) character file.

Game seed: 14343097784844745627

604 sircluck the Grappler (level 7, -5/78 HPs)
             Began as a Troll Berserker on May 16, 2023.
             Was a Priest of Trog.
             Slain by a sixfirhy (11 damage)
             ... summoned by a kobold demonologist
             ... in the Dungeon (Sprint I: "Red Sonja").
             The game lasted 00:01:43 (220 turns).

sircluck the Grappler (Troll Berserker)              Turns: 220, Time: 00:01:45

Health: -5/78      AC:  4    Str: 28    XL:     7   Next: 18%
Magic:  6/6        EV: 11    Int:  3    God:    Trog [***...]
Gold:   367        SH:  0    Dex:  9    Spells: 6/6 levels left

rFire   . .          .
                       - Unarmed
rCold   . . .        (no shield)
rNeg    . . .        a - +0 animal skin
rPois   .            (helmet restricted)
rElec   .            (no cloak)
rCorr   .            (gloves unavailable)
SInv    .            (boots unavailable)
Will    .....        (no amulet)
Stlth   +            (no ring)
HPRegen 1.13/turn    (no ring)
MPRegen 0.10/turn

%: no teleportation
@: no status effects
A: large, unfitting armour, claws 3, regeneration 1, shaggy fur 1, tough skin 1
a: Renounce Religion, Berserk, Trog's Hand


You were in the Dungeon.
You worshipped Trog.
Trog was most pleased with you.
You visited 1 branch You collected 433 gold pieces.
You spent 66 gold pieces at shops.

Inventory:

Armour
 a - a +0 animal skin (worn)
Wands
 h - a wand of quicksilver (11)
 j - a wand of polymorph (8)
Potions
 b - a potion of curing
 c - a potion of heal wounds
 d - a potion of haste
 e - 2 potions of magic
 f - a potion of berserk rage
 i - 2 potions of cancellation
 k - a potion of flight {unknown}


   Skills:
 + Level 7.4 Fighting
 + Level 7.8 Dodging
 + Level 0.1 Stealth
 + Level 10.3 Unarmed Combat


You had 6 spell levels left.
You didn't know any spells.
Your spell library was empty.

Dungeon Overview and Level Annotations

Branches:
Dungeon (1/1)

Altars:
Cheibriados
Dithmenos
Elyvilon
Fedhas
Gozag
Hepliaklqana
Kikubaaqudgha
Makhleb
Nemelex Xobeh
Okawaru
Qazlal
Ru
Sif Muna
Trog
Uskayaw
Vehumet
Wu Jian
Xom
Yredelemnul
Zin
The Shining One
Jiyva
Lugonu

Shops:
D *


Innate Abilities, Weirdness & Mutations

You are too large for most types of armour.
You have claws for hands.
Your natural rate of healing is unusually fast.
You are covered in fur. (AC +1)
You have tough skin. (AC +1)


Message History

Found 108 gold pieces.
There is an open door here.
You now have 286 gold pieces (gained 27).
You now have 313 gold pieces (gained 27).
You now have 340 gold pieces (gained 27).
You now have 367 gold pieces (gained 27).
You open the door.
A kobold demonologist and a floating eye come into view.
The kobold demonologist shouts!
The kobold demonologist mumbles some strange words.
A kobold demonologist comes into view. It is wielding a +0 dagger.
The kobold demonologist shouts!
Unknown command.
Unknown command.
The sixfirhy hits you. The sixfirhy shocks you! The sixfirhy hits you!
The sixfirhy shocks you! The sixfirhy hits you! The sixfirhy shocks you!
* * * LOW HITPOINT WARNING * * *
The sixfirhy barely misses you.
There is an open door, spattered with blood here.
The sixfirhy attacks as you move away!
The sixfirhy hits you but does no damage.
The floating eye's stare focuses on you.
Blink to where?
Press: ? - help, Q - select action, (/) - cycle Dir - move target
As you read the scroll of blinking, it crumbles to dust.
Which direction?
You close the door.
A sixfirhy opens the door.
The sixfirhy barely misses you.
There is an open door here.
You close the door.
You start resting.
The sixfirhy hits you but does no damage.
The sixfirhy hits you.
* * * LOW HITPOINT WARNING * * *
The sixfirhy shocks you!
* * * LOW HITPOINT WARNING * * *
The sixfirhy hits you.
* * * LOW HITPOINT WARNING * * *
The sixfirhy shocks you!
You die...

##########################
#<.#..').#.)'..#__#.GK.K.#
#..').#..'..#..'..'..#K..#
#..#####'#####'#__####...+
#..####..#...#3#### ####
#..#__####..##@#
#..#_____##'#_.+
#⌠⌠#_.∩...†..._#
####_..__##_.#'#
#_____###+#.# ####### ###


You could see a sixfirhy (summoned).

Vanquished Creatures
  A slime creature (D)
  Sigmund (D)
  A yak (D)
  An ogre (D)
  A jelly (D)
  Ijyb (D)
6 creatures vanquished.

Notes
Turn   | Place    | Note
-------+----------+-------------------------------------------
     0 | D        | sircluck the Troll Berserker began the quest for the Orb.
     0 | D        | Reached XP level 1. HP: 22/22 MP: 0/0
     1 | D        | Noticed Ijyb
     8 | D        | Killed Ijyb
     9 | D        | Reached skill level 4 in Unarmed Combat
     9 | D        | Reached XP level 2. HP: 28/31 MP: 1/1
    14 | D        | Noticed an ogre
    19 | D        | Killed an ogre
    20 | D        | Reached skill level 6 in Unarmed Combat
    20 | D        | Reached XP level 3. HP: 31/40 MP: 2/2
    20 | D        | Reached XP level 4. HP: 37/49 MP: 3/3
    63 | D        | Noticed Sigmund
    71 | D        | Killed Sigmund
    71 | D        | Reached ** piety under Trog
    72 | D        | Reached skill level 8 in Unarmed Combat
    72 | D        | Reached XP level 5. HP: 42/59 MP: 4/4
    85 | D        | Found an ornate altar of the Wu Jian Council.
    85 | D        | Found a shimmering blue altar of Sif Muna.
    87 | D        | Found a radiant altar of Vehumet.
    92 | D        | Reached XP level 6. HP: 64/67 MP: 5/5
   136 | D        | Found Cabry's Assorted Antiques.
   136 | D        | Found an ancient bone altar of Kikubaaqudgha.
   136 | D        | Found a hazy altar of Hepliaklqana.
   136 | D        | Found a stormy altar of Qazlal.
   136 | D        | Found a hide-covered altar of Uskayaw.
   136 | D        | Found a blossoming altar of Fedhas.
   136 | D        | Found a bloodstained altar of Trog.
   136 | D        | Found an iron altar of Okawaru.
   136 | D        | Found a basalt altar of Yredelemnul.
   136 | D        | Found a glowing golden altar of the Shining One.
   136 | D        | Found a snail-covered altar of Cheibriados.
   136 | D        | Found a sacrificial altar of Ru.
   136 | D        | Found a glowing silver altar of Zin.
   136 | D        | Found a shadowy altar of Dithmenos.
   136 | D        | Found a white marble altar of Elyvilon.
   136 | D        | Noticed a yak
   142 | D        | Killed a yak
   143 | D        | Reached skill level 9 in Unarmed Combat
   143 | D        | Found an opulent altar of Gozag.
   144 | D        | Found a sparkling altar of Nemelex Xobeh.
   148 | D        | Bought a puce potion for 20 gold pieces
   148 | D        | Bought a scroll labelled WIKAARH NAUMICEG for 23 gold
                  | pieces
   148 | D        | Bought a scroll labelled ZUMAWI ESOUNNAM for 23 gold pieces
   186 | D        | Found a burning altar of Makhleb.
   186 | D        | Found a viscous altar of Jiyva.
   186 | D        | Found a shimmering altar of Xom.
   186 | D        | Found a corrupted altar of Lugonu.
   186 | D        | Noticed a slime creature
   191 | D        | Killed a slime creature
   191 | D        | Reached *** piety under Trog
   192 | D        | Reached skill level 10 in Unarmed Combat
   192 | D        | Reached XP level 7. HP: 52/78 MP: 6/6
   211 | D        | Noticed a kobold demonologist
   211 | D        | Noticed a kobold demonologist
   212 | D        | Noticed a sixfirhy
   220 | D        | Slain by a sixfirhy

Illustrated notes

Levels and vault maps discovered:
D:        dungeon_sprint_1 [red_sonja_temple_1, red_sonja_temple_small_1]

Skill      XL: |  1  2  3  4  5  6 |
---------------+-------------------+-----
Fighting       | 3 4 6 7 |  7.4
Dodging        | 3 4 6 7 |  7.8
Unarmed Combat | 4 6 8 10 | 10.3
Stealth        | |  0.1

Action                     |  1- 3 |  4- 6 |  7- 9 || total
---------------------------+-------+-------+-------++-------
  Melee: Unarmed           |    10 |    17 |       ||    27
         Punch             |       |     3 |       ||     3
 Invoke: Berserk           |     1 |       |       ||     1
  Evoke: Wand              |       |     1 |       ||     1
    Use: Scroll            |       |     2 |     1 ||     3
 Armour: Animal skin       |       |     1 |     2 ||     3
  Dodge: Dodged            |     4 |     3 |     2 ||     9

Table legend: (Time is in decaauts)
 A = Elapsed time spent in this place.
 B = Non-inter-level travel time spent in this place.
 C = Inter-level travel time spent in this place.
 D = Time resting spent in this place.
 E = Time spent auto-exploring this place.
 F = Levels seen in this place.
 G = Mean time per level.
                   A        B        C        D        E       F      G
               +--------+--------+--------+--------+--------+-----+--------+
         Total |    224 |    224 |      0 |     63 |     11 |   1 |  224.0 |
       Dungeon |    224 |    224 |      0 |     63 |     11 |   1 |  224.0 |
               +--------+--------+--------+--------+--------+-----+--------+

Top non-repeatable levels by time:
       D: 224 daAuts
